cohdb
Replays
Latest Replays
All Replays
Popular Replays
Top Player Replays
Match Explorer
How It Works
Community
CoH3 Stats
Reddit
Sign in to upload your games and track your stats! →
Sign in with Steam
Match 44867943
Unlisted
Match 44867943
Overview
Messages
Build Orders
End
Kradschützen Motorcycle Team
250 Light Carrier
Panzergrenadier Squad
Construct Light Support Kompanie
Panzergrenadier Squad
Assault Grenadier Squad
Fire Support Elements
Veteran Squad Leaders
Construct Mechanized Kompanie
Selects Panzerjäger Kommand Battlegroup
Selects Panzerjäger Kommand Battlegroup
Selects Tank Busters
Panzerjäger Mechanized Group
Selects Crew Shock Tactics
8 Rad Armored Car
Kradschützen Motorcycle Team
Brother
jpg1h
0
0
Comments
sign in to comment!
No comments posted yet!